 Dungeon Crawl Stone Soup version 0.24.0-37-gcf1ca852f1 (webtiles) character file.

Game seed: 13010536481121048711, levelgen mode: deterministic

2487 Bombadil the Magician (level 9, -3/62 HPs)
             Began as a Demonspawn Venom Mage on Dec 1, 2019.
             Slain by an ice beast (6 damage)
             ... on level 6 of the Dungeon.
             The game lasted 00:19:56 (8706 turns).

Bombadil the Magician (Demonspawn Venom Mage)       Turns: 8706, Time: 00:19:57

Health: -3/62      AC: 14    Str:  9    XL:     9   Next: 27%
Magic:  0/19       EV: 11    Int: 24    God:
Gold:   312        SH:  0    Dex: 18    Spells: 7/22 levels left

rFire    . . .     SeeInvis .   p - +0 long sword
rCold    . . .     Gourm    .   (no shield)
rNeg     . . .     Faith    .   k - +8 ring mail of Fecexyxt {rElec}
rPois    .         Spirit   +   (helmet restricted)
rElec    +         Reflect  .   (no cloak)
rCorr    .         Harm     .   (no gloves)
MR       .....                  h - +0 pair of boots
Stlth    ++........             (no amulet)
HPRegen  0.20/turn              w - +4 ring of dexterity
MPRegen  0.16/turn              u - +5 ring of intelligence

@: no status effects
A: antennae 1, claws 2, hooves 1, magic shield
a: no special abilities


You were on level 6 of the Dungeon.
You were not hungry.

You visited 2 branches of the dungeon, and saw 9 of its levels.
You also visited: Ossuary.

You collected 312 gold pieces.

Inventory:

Hand Weapons
 e - a +0 short sword
 p - a +0 long sword (weapon)
Armour
 a - a +0 robe
 h - a +0 pair of boots (worn)
 k - the +8 ring mail of Fecexyxt (worn) {rElec}
   (You found it on level 4 of the Dungeon)

   It insulates you from electricity.
Jewellery
 s - a +4 ring of slaying
 u - a +5 ring of intelligence (right claw)
 w - a +4 ring of dexterity (left claw)
Wands
 n - a wand of digging (5)
 x - a wand of paralysis (12)
Scrolls
 d - 5 scrolls of identify {unknown}
 f - 2 scrolls of enchant armour {unknown}
 g - a scroll of immolation {unknown}
 i - 4 scrolls of amnesia {unknown}
 j - 3 scrolls of random uselessness {unknown}
 o - a scroll of magic mapping {unknown}
 q - 2 scrolls of teleportation {unknown}
 r - 6 scrolls of blinking {unknown}
 t - 4 scrolls of fear {unknown}
 y - a scroll of fog {unknown}
Potions
 b - 2 potions of might {unknown}
 l - 2 potions of curing
 m - 2 potions of flight {unknown}
 v - 2 potions of heal wounds {unknown}
Comestibles
 c - 12 rations
 z - a chunk of flesh


   Skills:
 + Level 2.5 Fighting
 + Level 0.3(1.2) Short Blades
 - Level 2.0(2.1) Long Blades
 + Level 0.6 Armour
 + Level 3.2 Dodging
 + Level 4.2 Stealth
 + Level 7.1 Spellcasting
 + Level 2.0 Conjurations
 + Level 3.2 Air Magic
 + Level 6.9 Poison Magic
 + Level 1.2 Evocations


You had 7 spell levels left.
You knew the following spells:

 Your Spells              Type           Power        Failure   Level  Hunger
a - Sting                 Conj/Pois      ####         3%          1    None
b - Poisonous Vapours     Pois/Air       ####..       3%          2    None
c - Mephitic Cloud        Conj/Pois/Air  ####....     11%         3    None
d - Olgreb's Toxic Radia  Pois           #####...     12%         4    ###....
e - Venom Bolt            Conj/Pois      ####......   65%         5    #####..

Your spell library contained the following spells:

 Spells                   Type           Power        Failure   Level  Hunger


Dungeon Overview and Level Annotations

Branches:
Dungeon (8/15)             Temple (1/1) D:5         Ossuary (visited)
   Lair: D:8-11

Altars:
Ashenzari
Cheibriados
Dithmenos
Elyvilon
Fedhas
Gozag
Hepliaklqana
Makhleb
Okawaru
Qazlal
Ru
Sif Muna
Trog
Wu Jian
Xom
Yredelemnul
Zin
The Shining One

Annotations:
D:3 Grinder
D:7 Harold


Innate Abilities, Weirdness & Mutations

You have a pair of small antennae on your head.
You have very sharp fingernails.
You have large cloven feet.
When hurt, damage is shared between your health and your magic reserves.


Message History

The ice beast is severely wounded.
The ice beast barely misses you.
The ice beast hits you but does no damage.
You hit the ice beast.
The ice beast is almost dead.
The ice beast hits you. The ice beast freezes you!
* * * LOW HITPOINT WARNING * * *
You hit the ice beast but do no damage.
The ice beast is almost dead.
The ice beast hits you but does no damage.
You hit the ice beast but do no damage.
The ice beast is almost dead.
The ice beast hits you.
* * * LOW HITPOINT WARNING * * *
The ice beast freezes you!
* * * LOW HITPOINT WARNING * * *
The ice beast hits you.
* * * LOW HITPOINT WARNING * * *
The ice beast freezes you!
You die...

#.#......###.# #.#.......##.#
#.# #.#..........# #...
#......###.# #...# #......#
#.# ......#....### #.#####
#.....#....# #..(..#
#.....#....######.####.#
#.............ZY@....#.#
#......>....######...#.#
..####.##.#...####.....# ###
#..#..###..........#
#####.##.## ###........#
...#.<...######......###
.#............#..#.#.######
.#.#.#....###.............#...
.......##..##....#.#..........


You could see an ice beast and a centaur zombie.

Vanquished Creatures
  A hog (D:6)
  Edmund (D:5)
  A sky beast (D:3)
  An orc warrior (D:5)
  A phantom (D:8)
  3 ogres
  2 centaurs
  4 bullfrogs
  2 scorpions (D:4)
  4 bullfrog zombies (Ossuary)
  A crimson imp (D:5)
  A centaur zombie (Ossuary)
  3 hounds
  2 orc priests
  An iguana (D:5)
  3 orc wizards
  Natasha (thrice) (D:2)
  5 worker ants
  14 mummies (Ossuary)
  A hound zombie (D:5)
  A howler monkey zombie (Ossuary)
  3 worker ant zombies (Ossuary)
  A howler monkey skeleton (D:6)
  12 adders
  5 worms
  6 dart slugs
  3 leopard geckos
  16 orcs
  2 ball pythons
  4 giant cockroaches
  5 goblins
  5 hobgoblins
  10 jackals
  3 quokkas
  5 bats
  3 frilled lizards
  A hobgoblin zombie (D:8)
  A jackal skeleton (D:8)
  A jackal zombie (D:8)
  5 kobolds
  A leopard gecko skeleton (D:5)
  A leopard gecko zombie (Ossuary)
  2 quokka zombies (Ossuary)
  6 rats
156 creatures vanquished.

Vanquished Creatures (others)
  5 withered plants (Ossuary)
5 creatures vanquished.

Grand Total: 161 creatures vanquished

Notes
Turn   | Place    | Note
-------+----------+-------------------------------------------
     0 | D:1      | Bombadil the Demonspawn Venom Mage began the quest for the
                  | Orb.
     0 | D:1      | Reached XP level 1. HP: 13/13 MP: 3/3
   162 | D:1      | Gained mutation: You have a pair of small antennae on your
                  | head. [demonic ancestry]
   162 | D:1      | Reached XP level 2. HP: 18/19 MP: 0/5
   338 | D:1      | Learned a level 2 spell: Poisonous Vapours
   970 | D:1      | Gained mutation: You have sharp fingernails. [demonic
                  | ancestry]
   970 | D:1      | Reached XP level 3. HP: 15/24 MP: 0/6
  1310 | D:2      | Found a glowing golden altar of the Shining One.
  1341 | D:2      | Noticed Natasha
  1357 | D:2      | Killed Natasha
  1366 | D:2      | Learned a level 3 spell: Mephitic Cloud
  1494 | D:2      | Gained mutation: You have large cloven feet. [demonic
                  | ancestry]
  1494 | D:2      | Reached XP level 4. HP: 28/31 MP: 2/8
  1637 | D:2      | Noticed Natasha
  1834 | D:2      | Killed Natasha
  2117 | D:2      | Reached skill level 1 in Air Magic
  2241 | D:2      | Noticed Natasha
  2328 | D:2      | Killed Natasha
  2328 | D:2      | Reached skill level 3 in Spellcasting
  2474 | D:2      | Gained mutation: You have very sharp fingernails. [demonic
                  | ancestry]
  2474 | D:2      | Reached XP level 5. HP: 28/36 MP: 1/9
  2707 | D:2      | Learned a level 4 spell: Olgreb's Toxic Radiance
  2839 | D:2      | Found a blossoming altar of Fedhas.
  3509 | D:3      | Noticed a sky beast
  3528 | D:3      | Killed a sky beast
  3528 | D:3      | Reached XP level 6. HP: 42/42 MP: 4/11
  3661 | D:3      | Noticed Grinder
  4024 | D:4      | Found an iron altar of Okawaru.
  4035 | D:4      | Reached skill level 4 in Spellcasting
  4116 | D:4      | Found a stormy altar of Qazlal.
  4119 | D:4      | Found a shattered altar of Ashenzari.
  4122 | D:4      | Found a basalt altar of Yredelemnul.
  4207 | D:4      | Reached skill level 5 in Poison Magic
  4509 | D:4      | Gained mutation: When hurt, damage is shared between your
                  | health and your magic reserves. [demonic ancestry]
  4509 | D:4      | Reached XP level 7. HP: 44/47 MP: 9/14
  4691 | D:4      | Got a faintly glowing ring mail
  4702 | D:4      | Identified the +8 ring mail of Fecexyxt {rElec} (You found
                  | it on level 4 of the Dungeon)
  4738 | D:4      | Found a shimmering altar of Xom.
  4876 | D:5      | Entered Level 5 of the Dungeon
  5073 | D:5      | Reached skill level 5 in Spellcasting
  5074 | D:5      | Found a staircase to the Ecumenical Temple.
  5084 | Temple   | Entered the Ecumenical Temple
  5256 | D:5      | Found a shadowy altar of Dithmenos.
  5584 | D:5      | Learned a level 5 spell: Venom Bolt
  5659 | D:5      | Reached skill level 1 in Fighting
  5659 | D:5      | Reached skill level 1 in Long Blades
  5941 | D:5      | Reached XP level 8. HP: 54/54 MP: 7/16
  6426 | D:6      | Noticed Edmund
  6679 | D:5      | Killed Edmund
  6679 | D:5      | Reached skill level 6 in Spellcasting
  7382 | D:7      | Noticed Harold
  7442 | D:8      | Found a sand-covered staircase.
  7480 | Ossuary  | Entered an ossuary
  7505 | Ossuary  | Reached skill level 7 in Spellcasting
  7947 | Ossuary  | Reached XP level 9. HP: 43/59 MP: 14/19
  8101 | Ossuary  | Reached skill level 1 in Evocations
  8706 | D:6      | HP: 3/62 [ice beast (2)]
  8706 | D:6      | Slain by an ice beast

Levels and vault maps discovered:
D:1:      evilmike_arrival_plus, layout_rooms, minmay_tree_intersection,
          minmay_pentomino_x2
D:2:      layout_basic, lemuel_coloured_pillars_altar, tso_altar, uniq_natasha
D:3:      layout_basic, uniq_grinder
D:4:      layout_cave_pools, kennysheep_little_box,
          grunt_temple_overflow_cloverleaf
D:5:      layout_layer_cave, nicolae_overflow_crystal_walls,
          minmay_temple_entry_arrows, first_ration
D:6:      layout_rooms, serial_co_window_serial, co_window_corner_a,
          co_window_paths_b, co_window_of_opportunity_a, co_window_paths_a,
          co_window_paths_a, co_window_broadway_c, co_window_corner_b,
          co_window_corner_b, co_window_2corner, co_window_corner_cb,
          co_window_sun, co_window_4corner_b, glass_columns_a, glass_columns_a,
          glass_columns_a, uniq_edmund
D:7:      layout_cave_pools, grunt_livestock, uniq_harold
D:8:      layout_cave_pods, chequers_temple_overflow_statue_of_worship,
          enter_ossuary_3, serial_shops, shop, minmay_fire_ice_demons
Temple:   eino_temple_lava

Skill      XL: |  1  2  3  4  5  6  7  8  9 |
---------------+----------------------------+-----
Dodging        | 2 3 |  3.2
Stealth        | 2 3 4 |  4.2
Poison Magic   | 4 5 6 |  6.9
Air Magic      | 1 2 3 |  3.2
Spellcasting   | 3 4 5 7 |  7.1
Fighting       | 1 2 |  2.5
Long Blades    | 1 2 |  2.0
Conjurations   | 2 |  2.0
Evocations     | 1 |  1.2
Short Blades   | |  0.3
Armour         | |  0.6

Action                   |  1- 3 |  4- 6 |  7- 9 || total
-------------------------+-------+-------+-------++-------
Melee: Short sword       |    21 |     2 |       ||    23
       Long sword        |       |     2 |   171 ||   173
 Cast: Sting             |    31 |    20 |     4 ||    55
       Poisonous Vapours |    16 |    62 |    53 ||   131
       Olgreb's Toxic Ra |       |    11 |    16 ||    27
       Mephitic Cloud    |       |       |     3 ||     3
Evoke: Wand              |       |       |    25 ||    25
  Use: Potion            |       |       |     6 ||     6
 Stab: Sleeping          |     2 |     1 |       ||     3
       Paralysed         |       |       |    22 ||    22
       Distracted        |       |       |     1 ||     1
  Eat: Chunk             |     3 |    14 |    13 ||    30
       Ration            |       |       |     1 ||     1
Armor: Robe              |     8 |     9 |    21 ||    38
       Ring mail         |       |       |    36 ||    36
       Skin              |       |       |     9 ||     9
Dodge: Dodged            |    18 |    29 |   114 ||   161
       Rpst.: Long sword |       |     2 |    48 ||    50
